3AA
MARQUETTE MINERS @ BETHESDA ATOMS
08/17/2041
 
TOP OF THE 1ST
Marquette Miners batting - Pitching for Bethesda Atoms : RHP Maks Rajnev
Pitching: RHP Maks Rajnev
Batting: LHB Bob Blough 0-0: Foul Ball, location: 2F
0-1: Foul Ball, location: 2F
0-2: Ball
1-2: Strikes out swinging
Batting: LHB Leslie Small 0-0: Called Strike
0-1: SINGLE (Flyball, 9S, EV 85.6 MPH)
Batting: LHB Wyatt Quick 0-0: Ball
Leslie Small steals 2nd base
1-0: Ball
2-0: Ball
3-0: Base on Balls
Batting: LHB Steve Chittick 0-0: Ball
1-0: Called Strike
1-1: Called Strike
1-2: Ball
2-2: Strikes out swinging
Batting: RHB Kiril Neuvel 0-0: Ball
1-0: Foul Ball, location: 2F
1-1: Swinging Strike
1-2: Foul Ball, location: 2F
1-2: DOUBLE (Line Drive, 89D, EV 110.0 MPH)
Leslie Small scores
Wyatt Quick to third
Batting: LHB Joseph Wallace 0-0: Ball
1-0: Ball
2-0: Called Strike
2-1: Ground out 4-3 (Groundball, 4M, EV 92.5 MPH)
Top of the 1st over - 1 run, 2 hits, 0 errors, 2 left on base; Marquette 1 - Bethesda 0
BOTTOM OF THE 1ST
Bethesda Atoms batting - Pitching for Marquette Miners : RHP Greg Borges
Pitching: RHP Greg Borges
Batting: RHB Jorge Gardella 0-0: Ball
1-0: Ball
2-0: Ground out 4-3 (Groundball, 4S, EV 81.2 MPH)
Batting: LHB Ethan Duffy 0-0: Fly out, F6 (Popup, 6, EV 71.2 MPH)
Batting: LHB Vicente Torres 0-0: Ball
1-0: Ball
2-0: Ball
3-0: Called Strike
3-1: Fly out, F9 (Flyball, 9, EV 83.8 MPH)
Bottom of the 1st over - 0 runs, 0 hits, 0 errors, 0 left on base; Marquette 1 - Bethesda 0
TOP OF THE 2ND
Marquette Miners batting - Pitching for Bethesda Atoms : RHP Maks Rajnev
Batting: RHB Jesús Méndez 0-0: Ground out 6-3 (Groundball, 6, EV 106.9 MPH)
Batting: RHB Martin Payton 0-0: Ground out 3-1 (Groundball, 3S, EV 68.1 MPH)
Batting: RHB Kent Potter 0-0: TRIPLE (Line Drive, 78XD, EV 100.6 MPH)
Batting: LHB Bob Blough 0-0: Ball
1-0: Foul Ball, location: 2F
1-1: Foul Ball, location: 2F
1-2: Ball
2-2: SINGLE (Groundball, 56D, EV 104.4 MPH)
Kent Potter scores
Batting: LHB Leslie Small 0-0: Ball
1-0: Ball
Bob Blough steals 2nd base
2-0: Called Strike
2-1: Foul Ball, location: 2F
2-2: Strikes out swinging
Top of the 2nd over - 1 run, 2 hits, 0 errors, 1 left on base; Marquette 2 - Bethesda 0
BOTTOM OF THE 2ND
Bethesda Atoms batting - Pitching for Marquette Miners : RHP Greg Borges
Batting: RHB Byron Shadix 0-0: Swinging Strike
0-1: Fly out, F7 (Flyball, 7, EV 92.5 MPH)
Batting: LHB Mhelter Narcida 0-0: Ball
1-0: Ball
2-0: Called Strike
2-1: Ground out 6-3 (Groundball, 56, EV 100.6 MPH)
Batting: RHB Pancho Hernández 0-0: Called Strike
0-1: Ball
1-1: Called Strike
1-2: Foul Ball, location: 2F
1-2: Ball
2-2: Strikes out looking
Bottom of the 2nd over - 0 runs, 0 hits, 0 errors, 0 left on base; Marquette 2 - Bethesda 0
TOP OF THE 3RD
Marquette Miners batting - Pitching for Bethesda Atoms : RHP Maks Rajnev
Batting: LHB Wyatt Quick 0-0: Called Strike
0-1: Swinging Strike
0-2: Ball
1-2: Ball
2-2: Ball
3-2: Ground out 1-3 (Groundball, 15S, EV 66.2 MPH)
Batting: LHB Steve Chittick 0-0: Swinging Strike
0-1: Called Strike
0-2: Strikes out looking
Batting: RHB Kiril Neuvel 0-0: Ball
1-0: Ball
2-0: DOUBLE (Line Drive, 89XD, EV 98.1 MPH)
Batting: LHB Joseph Wallace 0-0: Ball
1-0: Reached on error, E3 (Groundball, 34S, EV 87.5 MPH)
Kiril Neuvel scores
Batting: RHB Jesús Méndez 0-0: Called Strike
0-1: Fly out, F9 (Flyball, 89S, EV 90.0 MPH)
Top of the 3rd over - 1 run, 1 hit, 1 error, 1 left on base; Marquette 3 - Bethesda 0
BOTTOM OF THE 3RD
Bethesda Atoms batting - Pitching for Marquette Miners : RHP Greg Borges
Batting: LHB Ayub Kuthakwakulu 0-0: Called Strike
0-1: Ball
1-1: Ball
2-1: Foul Ball, location: 2F
2-2: Ball
3-2: Foul Ball, location: 2F
3-2: Foul Ball, location: 2F
3-2: SINGLE (Line Drive, 4D, EV 96.9 MPH)
Batting: LHB Xiao-gang Qing 0-0: Ball
1-0: Foul Ball, location: 2F
1-1: Foul Ball, location: 2F
1-2: Ball
2-2: Ball
3-2: Base on Balls
Ayub Kuthakwakulu to second
Batting: RHB Juan Vázquez 0-0: Ball
1-0: Foul Ball, location: 2F
1-1: Foul Ball, location: 2F
1-2: Fly out, F9 (Flyball, 89M, EV 94.4 MPH)
Batting: RHB Jorge Gardella 0-0: Ball
1-0: Fly out, F8 (Flyball, 8LD, EV 75.0 MPH)
Batting: LHB Ethan Duffy 0-0: Ball
1-0: Called Strike
1-1: Ball
2-1: Swinging Strike
2-2: Ball
3-2: Foul Ball, location: 2F
3-2: Base on Balls
Ayub Kuthakwakulu to third
Xiao-gang Qing to second
Batting: LHB Vicente Torres 0-0: Swinging Strike
0-1: Ball
1-1: Ball
2-1: SINGLE (Groundball, 4MD, EV 110.6 MPH)
Ayub Kuthakwakulu scores
Xiao-gang Qing to third
Ethan Duffy to second
Runner from 3rd tries for Home, SAFE, throw by CF to home
Batting: RHB Byron Shadix 0-0: Called Strike
0-1: Ball
1-1: Swinging Strike
1-2: Strikes out swinging
Bottom of the 3rd over - 2 runs, 2 hits, 0 errors, 2 left on base; Marquette 3 - Bethesda 2
TOP OF THE 4TH
Marquette Miners batting - Pitching for Bethesda Atoms : RHP Maks Rajnev
Batting: RHB Martin Payton 0-0: Ball
1-0: Ball
2-0: Foul Ball, location: 2F
2-1: Foul Ball, location: 2F
2-2: Ball
3-2: Strikes out swinging
Batting: RHB Kent Potter 0-0: Ball
1-0: Swinging Strike
1-1: Ball
2-1: Swinging Strike
2-2: Foul Ball, location: 2F
2-2: Ball
3-2: Base on Balls
Batting: LHB Bob Blough 0-0: Called Strike
0-1: Called Strike
0-2: Ball
1-2: Ball
2-2: Ball
3-2: TRIPLE (Flyball, 89XD, EV 98.1 MPH)
Kent Potter scores
Batting: LHB Leslie Small 0-0: Ball
1-0: Ball
2-0: Ball
3-0: Called Strike
3-1: Ground out U3 (Groundball, 34, EV 78.8 MPH)
Bob Blough scores
Batting: LHB Wyatt Quick 0-0: Foul Ball, location: 2F
0-1: Ball
1-1: Ball
2-1: Swinging Strike
2-2: Ball
3-2: Base on Balls
Batting: LHB Steve Chittick 0-0: Called Strike
0-1: Ball
Wyatt Quick steals 2nd base
1-1: Ball
2-1: Foul Ball, location: 2F
2-2: Ball
3-2: Foul Ball, location: 2F
3-2: Ground out U3 (Groundball, 3, EV 103.8 MPH)
Top of the 4th over - 2 runs, 1 hit, 0 errors, 1 left on base; Marquette 5 - Bethesda 2
BOTTOM OF THE 4TH
Bethesda Atoms batting - Pitching for Marquette Miners : RHP Greg Borges
Batting: LHB Mhelter Narcida 0-0: Ball
1-0: Ball
2-0: Ball
3-0: Base on Balls
Batting: RHB Pancho Hernández 0-0: Ball
1-0: 2-RUN HOME RUN (Flyball, 7D, EV 96.2 MPH), Distance : 351 ft
Batting: LHB Ayub Kuthakwakulu 0-0: Swinging Strike
0-1: Foul Ball, location: 2F
0-2: Ball
1-2: Fly out, F9 (Line Drive, 9, EV 86.9 MPH)
Batting: LHB Xiao-gang Qing 0-0: Ball
1-0: Ball
2-0: Called Strike
2-1: Foul Ball, location: 2F
2-2: Strikes out swinging
Batting: RHB Juan Vázquez 0-0: Ball
1-0: DOUBLE (Line Drive, 78XD, EV 108.1 MPH)
Batting: RHB Jorge Gardella 0-0: Ball
1-0: Ball
2-0: Ball
3-0: Called Strike
3-1: Foul Ball, location: 2F
3-2: Base on Balls
Batting: LHB Ethan Duffy 0-0: Fly out, F1 (Line Drive, P, EV 75.0 MPH)
Bottom of the 4th over - 2 runs, 2 hits, 0 errors, 2 left on base; Marquette 5 - Bethesda 4
TOP OF THE 5TH
Marquette Miners batting - Pitching for Bethesda Atoms : RHP Maks Rajnev
Batting: RHB Kiril Neuvel 0-0: Ball
1-0: Ball
2-0: Foul Ball, location: 2F
2-1: Foul Ball, location: 2F
2-2: Foul Ball, location: 2F
2-2: Strikes out swinging
Batting: LHB Joseph Wallace 0-0: Called Strike
0-1: Ball
1-1: Ball
2-1: Ball
3-1: DOUBLE (Line Drive, 3D, EV 98.1 MPH)
Batting: RHB Jesús Méndez 0-0: Foul Ball, location: 2F
0-1: Swinging Strike
0-2: Ball
1-2: Fly out, F8 (Flyball, 8RM, EV 86.9 MPH)
Batting: RHB Martin Payton 0-0: Foul Ball, location: 2F
0-1: Foul Ball, location: 2F
0-2: Ball
1-2: Ball
2-2: Ball
3-2: Ground out 4-3 (Groundball, 34, EV 85.6 MPH)
Top of the 5th over - 0 runs, 1 hit, 0 errors, 1 left on base; Marquette 5 - Bethesda 4
BOTTOM OF THE 5TH
Bethesda Atoms batting - Pitching for Marquette Miners : RHP Greg Borges
Batting: LHB Vicente Torres 0-0: Ball
1-0: Ball
2-0: Called Strike
2-1: Ground out 4-3 (Groundball, 4S, EV 84.4 MPH)
Batting: RHB Byron Shadix 0-0: Called Strike
0-1: Ball
1-1: Ground out 5-3 (Groundball, 56, EV 86.9 MPH)
Batting: LHB Mhelter Narcida 0-0: SOLO HOME RUN (Flyball, 9D, EV 105.6 MPH), Distance : 364 ft
Batting: RHB Pancho Hernández 0-0: Called Strike
0-1: Foul Ball, location: 2F
0-2: Hit by Pitch
Batting: LHB Ayub Kuthakwakulu 0-0: Swinging Strike
0-1: Ball
1-1: Ball
2-1: Ball
3-1: Base on Balls
Pancho Hernández to second
Batting: LHB Xiao-gang Qing 0-0: Ball
1-0: Called Strike
1-1: Ball
2-1: Foul Ball, location: 2F
2-2: Foul Ball, location: 2F
2-2: Ball
3-2: Fly out, F7 (Flyball, 7, EV 88.8 MPH)
Bottom of the 5th over - 1 run, 1 hit, 0 errors, 2 left on base; Marquette 5 - Bethesda 5
TOP OF THE 6TH
Marquette Miners batting - Pitching for Bethesda Atoms : RHP Maks Rajnev
Pitching: RHP Kang-keun Yong
Batting: RHB Kent Potter 0-0: Fly out, F9 (Flyball, 9LD, EV 88.8 MPH)
Batting: LHB Bob Blough 0-0: Ball
1-0: Swinging Strike
1-1: Ball
2-1: Reached on error, E6 (Groundball, 6M, EV 93.1 MPH)
Batting: LHB Leslie Small 0-0: Called Strike
Bob Blough steals 2nd base
0-1: Foul Ball, location: 2F
0-2: Ball
1-2: Foul Ball, location: 2F
1-2: Foul Ball, location: 2F
1-2: Ball
2-2: Ball
3-2: Foul Ball, location: 2F
3-2: Base on Balls
Batting: LHB Wyatt Quick 0-0: Foul Ball, location: 2F
0-1: Ball
1-1: Called Strike
Bob Blough is caught stealing 3rd base 2-5
Leslie Small to second
1-2: 2-RUN HOME RUN (Flyball, 9D, EV 108.8 MPH), Distance : 358 ft
Batting: LHB Steve Chittick 0-0: Foul Ball, location: 2F
0-1: Ball
1-1: Ball
2-1: Foul Ball, location: 2F
2-2: Foul Ball, location: 2F
2-2: Ball
3-2: Foul Ball, location: 2F
3-2: Foul Ball, location: 2F
3-2: Strikes out swinging
Top of the 6th over - 2 runs, 1 hit, 1 error, 0 left on base; Marquette 7 - Bethesda 5
BOTTOM OF THE 6TH
Bethesda Atoms batting - Pitching for Marquette Miners : RHP Greg Borges
Batting: RHB Juan Vázquez 0-0: Foul Ball, location: 2F
0-1: Ball
1-1: Foul Ball, location: 2F
1-2: Ball
2-2: Fly out, F1 (Line Drive, P, EV 67.5 MPH)
Pitching: RHP Kane Duckering
Batting: RHB Jorge Gardella 0-0: Called Strike
0-1: Called Strike
0-2: Strikes out swinging, 2-3 out at first.
Batting: LHB Ethan Duffy 0-0: Swinging Strike
0-1: Called Strike
0-2: Ball
1-2: Ball
2-2: Foul Ball, location: 2F
2-2: Strikes out swinging
Bottom of the 6th over - 0 runs, 0 hits, 0 errors, 0 left on base; Marquette 7 - Bethesda 5
TOP OF THE 7TH
Marquette Miners batting - Pitching for Bethesda Atoms : RHP Kang-keun Yong
Batting: RHB Kiril Neuvel 0-0: Called Strike
0-1: Called Strike
0-2: Ball
1-2: Ball
2-2: Ball
3-2: Ground out 5-3 (Groundball, 56, EV 75.6 MPH)
Batting: LHB Joseph Wallace 0-0: Foul Ball, location: 2F
0-1: Foul Ball, location: 2F
0-2: Strikes out looking
Batting: RHB Jesús Méndez 0-0: Foul Ball, location: 2F
0-1: DOUBLE (Flyball, 8RXD, EV 103.8 MPH)
Batting: RHB Martin Payton 0-0: Called Strike
0-1: Foul Ball, location: 2F
0-2: Strikes out swinging, 2-3 out at first.
Top of the 7th over - 0 runs, 1 hit, 0 errors, 1 left on base; Marquette 7 - Bethesda 5
BOTTOM OF THE 7TH
Bethesda Atoms batting - Pitching for Marquette Miners : RHP Kane Duckering
Batting: LHB Vicente Torres 0-0: Fly out, F7 (Flyball, 78M, EV 86.2 MPH)
Batting: RHB Byron Shadix 0-0: Called Strike
0-1: Ball
1-1: Ball
2-1: Ball
3-1: Base on Balls
Batting: LHB Mhelter Narcida 0-0: Ball
Byron Shadix steals 2nd base
1-0: Foul Ball, location: 2F
1-1: Ball
2-1: Foul Ball, location: 2F
2-2: Strikes out swinging
Batting: RHB Pancho Hernández 0-0: Fly out, F8 (Flyball, 8RS, EV 88.8 MPH)
Bottom of the 7th over - 0 runs, 0 hits, 0 errors, 1 left on base; Marquette 7 - Bethesda 5
TOP OF THE 8TH
Marquette Miners batting - Pitching for Bethesda Atoms : RHP Kang-keun Yong
Batting: RHB Kent Potter 0-0: Ball
1-0: Ball
2-0: SINGLE (Line Drive, 4MD, EV 99.4 MPH)
Pitching: RHP Ángel Franco
Batting: LHB Bob Blough 0-0: Foul Ball, location: 2F
0-1: Sac Bunt to 13 - play at second, runner OUT! 1-6
Batting: LHB Leslie Small 0-0: Called Strike
0-1: Fly out, F7 (Flyball, 7S, EV 90.6 MPH)
Batting: LHB Wyatt Quick 0-0: Ball
Bob Blough steals 2nd base
1-0: Foul Ball, location: 2F
1-1: Swinging Strike
1-2: DOUBLE (Line Drive, 7LS, EV 98.1 MPH)
Bob Blough scores
Batting: LHB Steve Chittick 0-0: Ball
1-0: Foul Ball, location: 2F
1-1: Ball
2-1: Fly out, F7 (Flyball, 7D, EV 105.0 MPH)
Top of the 8th over - 1 run, 2 hits, 0 errors, 1 left on base; Marquette 8 - Bethesda 5
BOTTOM OF THE 8TH
Bethesda Atoms batting - Pitching for Marquette Miners : RHP Kane Duckering
Batting: LHB Ayub Kuthakwakulu 0-0: Ball
1-0: Called Strike
1-1: Called Strike
1-2: Ball
2-2: Strikes out looking
Batting: LHB Xiao-gang Qing 0-0: Ball
1-0: Foul Ball, location: 2F
1-1: Ball
2-1: Foul Ball, location: 2F
2-2: Foul Ball, location: 2F
2-2: Strikes out swinging
Batting: RHB Juan Vázquez 0-0: Ball
1-0: Swinging Strike
1-1: Ball
2-1: Called Strike
2-2: Strikes out swinging
Bottom of the 8th over - 0 runs, 0 hits, 0 errors, 0 left on base; Marquette 8 - Bethesda 5
TOP OF THE 9TH
Marquette Miners batting - Pitching for Bethesda Atoms : RHP Ángel Franco
Batting: RHB Kiril Neuvel 0-0: Called Strike
0-1: Ball
1-1: SINGLE (Line Drive, 8RS, EV 102.5 MPH)
Batting: LHB Joseph Wallace 0-0: Sac Bunt to 25 - play at first, batter OUT! 5-3
Kiril Neuvel to second
Batting: RHB Jesús Méndez 0-0: Ball
1-0: Ball
2-0: Called Strike
2-1: Swinging Strike
2-2: Fly out, F7 (Flyball, 78M, EV 96.2 MPH)
Batting: RHB Martin Payton 0-0: Foul Ball, location: 2F
0-1: Ball
1-1: Foul Ball, location: 2F
1-2: Strikes out swinging, 2-3 out at first.
Top of the 9th over - 0 runs, 1 hit, 0 errors, 1 left on base; Marquette 8 - Bethesda 5
BOTTOM OF THE 9TH
Bethesda Atoms batting - Pitching for Marquette Miners : RHP Kane Duckering
Pitching: RHP Carl Cooper
Batting: RHB Jorge Gardella 0-0: Called Strike
0-1: Foul Ball, location: 2F
0-2: Ball
1-2: Ball
2-2: SINGLE (Groundball, 6MD, EV 95.6 MPH)
Batting: LHB Ethan Duffy 0-0: Ball
1-0: Fielders Choice at 2nd, 3-6 (Groundball, 3, EV 81.2 MPH)
Batting: LHB Vicente Torres 0-0: Ball
1-0: Fly out, F8 (Flyball, 8LM, EV 91.2 MPH)
Batting: RHB Byron Shadix 0-0: Foul Ball, location: 2F
0-1: Ball
1-1: Fielders Choice at 2nd, 6-4 (Groundball, 6, EV 101.2 MPH)
Bottom of the 9th over - 0 runs, 1 hit, 0 errors, 1 left on base; Marquette 8 - Bethesda 5
Tuesday, January 5th, 2021 - OOTP Baseball 20.8 Build 74